 Dungeon Crawl Stone Soup version 0.16-a0-3641-g71d4c1b (webtiles) character file.

12 mattchew the Conjurer (level 2, -2/17 HPs)
             Began as an Octopode Conjurer on Apr 17, 2015.
             Slain by a kobold
             ... wielding a +3 short sword
              (4 damage)
             ... on level 1 of the Dungeon.
             The game lasted 00:02:15 (320 turns).

mattchew the Conjurer (Octopode Conjurer)            Turns: 320, Time: 00:02:16

Health: -2/17      AC:  1    Str:  7    XL:     2   Next: 33%
Magic:  3/4        EV: 12    Int: 17    God:
Gold:   37         SH:  0    Dex: 12    Spells: 2 memorised, 2 levels left

rFire  . . .     SeeInvis .     g - +0 whip
rCold  . . .     Clarity  .     (no shield)
rNeg   . . .     SustAb   .     (helmet restricted)
rPois  .         Gourm    .     (no amulet)
rElec  .         Spirit   .     (no ring)
rCorr  .         Warding  .     (no ring)
rMut   .         Stasis   .     (no ring)
MR     .....                    (no ring)
Stlth  +++.......               (no ring)
                                (no ring)
                                (no ring)
                                (no ring)

@: not resistant to hostile enchantments, fairly stealthy
A: almost no armour, amphibious, 8 rings, constrict 8, camouflage 1, gelatinous
body 1
a: no special abilities


You were on level 1 of the Dungeon.
You were not hungry.

You visited 1 branch of the dungeon, and saw 1 of its levels.

You collected 37 gold pieces.

Inventory:

Hand weapons
 f - a +0 club
 g - a +0 whip (weapon)
Missiles
 h - 22 stones (quivered)
 i - 2 throwing nets
 j - 15 arrows of dispersal
Scrolls
 a - a scroll of immolation {unknown}
 e - a scroll of random uselessness {unknown}
 m - a scroll of identify {unknown}
Potions
 k - a potion of invisibility {unknown}
Books
 c - a book of Conjurations

   Spells                             Type                      Level
   a - Magic Dart                     Conjuration                  1
   b - Searing Ray                    Conjuration                  2
   c - Dazzling Spray                 Conjuration/Hexes            3
   d - Fulminant Prism                Conjuration/Hexes            4
   e - Iskenderun's Mystic Blast      Conjuration                  4
   f - Iskenderun's Battlesphere      Conjuration/Charms           5
Comestibles
 b - 2 bread rations
 d - 3 chunks of flesh
 l - a beef jerky


   Skills:
 - Level 2.0 Dodging
 - Level 2.6 Stealth
 - Level 2.0 Spellcasting
 + Level 4.5 Conjurations


You had 2 spell levels left.
You knew the following spells:

 Your Spells              Type           Power        Failure   Level  Hunger
a - Magic Dart            Conj           ###.         2%          1    #......
b - Searing Ray           Conj           ###...       4%          2    ###....


Dungeon Overview and Level Annotations

Branches:
Dungeon (1/15)

Altars:


Innate Abilities, Weirdness & Mutations

You cannot wear most types of armour.
You are amphibious.
You can wear up to eight rings at the same time.
You can use your tentacles to constrict many enemies at once.
Your skin changes colour to match your surroundings (Stealth).
Your rubbery body absorbs attacks (AC +1).


Message History

The kobold misses you.
You see here a bread ration.
You hit the kobold. Your grab misses the kobold.
The kobold is moderately wounded.
The kobold hits you with an enchanted short sword!
You hit the kobold but do no damage. You grab the kobold.
The kobold is moderately wounded.
You constrict the kobold, but do no damage.
The kobold hits you with an enchanted short sword!
* * * LOW HITPOINT WARNING * * *
Casting: Magic Dart
Confirm with . or Enter, or press ? or * to list all spells.
Aiming: Magic Dart
Press: ? - help, Shift-Dir - straight line, f - kobold
Aim: a kobold, wielding an enchanted short sword (moderately wounded, constricted by you)
The magic dart hits the kobold.
The kobold is severely wounded.
You constrict the kobold, but do no damage.
The kobold hits you with an enchanted short sword.
You die...

#...#### ####.#....#
........##.#
#.#.#####.# #.#.#
#.# #.#.# #.# #.#.#
#.#
##########.#.#####.#
#.......@..........#
#.#######K##.#######
#b##.# ...#.#
......# #.#..###
#.#..# #.#..# #..


You could see a bat and a kobold.

Vanquished Creatures
  A ball python (D:1)
  A goblin (D:1)
  A hobgoblin (D:1)
  3 kobolds (D:1)
  3 bats (D:1)
  3 rats (D:1)
12 creatures vanquished.

Notes
Turn   | Place    | Note
--------------------------------------------------------------
     0 | D:1      | mattchew, the Octopode Conjurer, began the quest for the Orb.
     0 | D:1      | Reached XP level 1. HP: 11/11 MP: 3/3
   158 | D:1      | Reached XP level 2. HP: 17/17 MP: 4/4
   240 | D:1      | Learned a level 2 spell: Searing Ray
   320 | D:1      | Slain by a kobold

Action                   || total
-------------------------++-------
Melee: Whip              ||    15
       Unarmed           ||     3
 Cast: Magic Dart        ||     5
 Stab: Sleeping          ||     3
